 Dungeon Crawl Stone Soup version 0.26-a0-670-g578ab304f5 (webtiles) character file.

Game seed: 8716152733147484536

233 PentaManta the Ruffian (level 6, -3/48 HPs)
             Began as a Ghoul Gladiator on Oct 18, 2020.
             Slain by Grinder (7 damage)
             ... on level 3 of the Dungeon.
             The game lasted 00:04:33 (2741 turns).

PentaManta the Ruffian (Ghoul Gladiator)            Turns: 2741, Time: 00:04:34

Health: -3/48      AC:  6    Str: 20    XL:     6   Next: 5%
Magic:  5/5        EV: 13    Int:  3    God:
Gold:   160        SH:  0    Dex: 16    Spells: 5/5 levels left

rFire    . . .     SeeInvis .     - Unarmed
rCold    + . .     Faith    .   (no shield)
rNeg     + + +     Spirit   .   i - +0 ring mail
rPois    ∞         Reflect  .   b - +0 helmet
rElec    .         Harm     .   (no cloak)
rCorr    .         Rampage  .   (no gloves)
MR       .....                  (no boots)
Stlth    +.........             (no amulet)
HPRegen  0.00/turn              o - +6 ring of dexterity
MPRegen  0.09/turn              (no ring)

@: no status effects
A: rotting body, claws 1, cold resistance 1, negative energy resistance 3,
inhibited regeneration, torment resistance, unbreathing
a: no special abilities


You were on level 3 of the Dungeon.
You visited 1 branch of the dungeon, and saw 3 of its levels.

You collected 160 gold pieces.

Inventory:

Armour
 b - a +0 helmet (worn)
 i - a +0 ring mail (worn)
Jewellery
 o - a +6 ring of dexterity (left claw)
Wands
 l - a wand of paralysis (9)
Scrolls
 a - a scroll of noise {unknown}
 d - 6 scrolls of remove curse {unknown}
 e - 2 scrolls of identify {unknown}
 g - a scroll of fog {unknown}
 h - 2 scrolls of teleportation {unknown}
 k - a scroll of fear {unknown}
 q - a scroll of immolation {unknown}
Potions
 f - 2 potions of berserk rage {unknown}
 j - a potion of stabbing {unknown}
 m - a potion of curing {unknown}
 n - 2 potions of invisibility {unknown}
 p - a potion of haste


   Skills:
 - Level 2.1 Fighting
 - Level 1.7 Throwing
 + Level 2.3 Armour
 + Level 3.8 Dodging
 * Level 5.5 Unarmed Combat


You had 5 spell levels left.
You didn't know any spells.
Your spell library was empty.

Dungeon Overview and Level Annotations

Branches:
Dungeon (3/15)

Altars:

Annotations:
D:3 Grinder


Innate Abilities, Weirdness & Mutations

Your body is rotting away.
You thrive by killing the living.
You are immune to poison.
You have sharp fingernails.
Your flesh is cold resistant. (rC+)
You are immune to negative energy. (rN+++)
You do not regenerate when monsters are visible.
You are immune to unholy pain and torment.
You can survive without breathing.


Message History

Grinder struggles against the net. x2
The net rips apart, and Grinder comes free!
You claw Grinder!
Grinder is almost dead.
Grinder gestures at you. You resist with significant effort.
You barely miss Grinder.
Grinder is almost dead.
Grinder hits you.
* * * LOW HITPOINT WARNING * * *
You closely miss Grinder.
Grinder is almost dead.
Grinder closely misses you. Grinder barely misses you.
You scratch Grinder but do no damage.
Grinder is almost dead.
Grinder closely misses you.
You scratch Grinder.
Grinder is almost dead.
Grinder hits you!
You die...

##.#..)))........
#..#.###.........
#.##.###<##......
#.##.....##.....# #
#.##.##..###...##
(####(#### #.##.##..#
##..# ...o(....#
#.##.##..# #..##
..###.##.###.##.##..#
#.... # #.o5@....##..#
#.###
#####.#####..####.###
.######.#####..........
.......†......##.##.##.
#######.########.##.##.
#.# #.##[##. #.#
#.##.##. #.# #.##.#..
#.# #.##....


You could see Grinder (fast) and an orc priest.

Vanquished Creatures
  A bullfrog (D:3)
  An orc wizard (D:3)
  4 gnolls
  4 adders (D:2)
  An adder skeleton (D:2)
  A worm (D:2)
  A dart slug (D:1)
  A leopard gecko (D:3)
  7 orcs (D:3)
  2 giant cockroaches (D:1)
  2 goblins
  8 hobgoblins
  3 jackals (D:2)
  5 kobolds
  A quokka (D:2)
  10 bats
  6 frilled lizards
  6 rats
64 creatures vanquished.

Notes
Turn   | Place    | Note
-------+----------+-------------------------------------------
     0 | D:1      | PentaManta the Ghoul Gladiator began the quest for the Orb.
     0 | D:1      | Reached XP level 1. HP: 17/17 MP: 0/0
   147 | D:1      | Reached XP level 2. HP: 15/24 MP: 1/1
   426 | D:1      | Reached skill level 1 in Armour
   556 | D:1      | Reached XP level 3. HP: 29/29 MP: 2/2
   793 | D:2      | Reached skill level 4 in Unarmed Combat
  1333 | D:2      | Reached XP level 4. HP: 33/36 MP: 3/3
  1691 | D:2      | Reached XP level 5. HP: 12/41 MP: 4/4
  2320 | D:3      | Reached skill level 5 in Unarmed Combat
  2630 | D:3      | Reached XP level 6. HP: 48/48 MP: 5/5
  2704 | D:3      | Noticed Grinder
  2708 | D:3      | Paralysed by Grinder for 5 turns
  2717 | D:3      | Paralysed by Grinder for 7 turns
  2741 | D:3      | Slain by Grinder

Illustrated notes

Levels and vault maps discovered:
D:1:      psy_arrival_dodecagon, layout_rooms
D:2:      layout_loops_corners
D:3:      layout_loops_ring, uniq_grinder

Skill      XL: |  1  2  3  4  5 |
---------------+----------------+-----
Dodging        | 3 |  3.8
Armour         | 1 2 |  2.3
Unarmed Combat | 4 5 |  5.5
Fighting       | |  2.1
Throwing       | |  1.7

Action                   |  1- 3 |  4- 6 || total
-------------------------+-------+-------++-------
Melee: Unarmed           |   122 |   122 ||   244
       Punch             |     2 |     1 ||     3
Throw: Throwing net      |       |     4 ||     4
 Stab: Sleeping          |     1 |       ||     1
       Held in net/web   |       |     2 ||     2
Armor: Leather armour    |    24 |       ||    24
       Ring mail         |    22 |    38 ||    60
Dodge: Dodged            |    68 |    74 ||   142

Table legend: (Time is in decaauts)
 A = Elapsed time spent in this place.
 B = Non-inter-level travel time spent in this place.
 C = Inter-level travel time spent in this place.
 D = Time resting spent in this place.
 E = Time spent auto-exploring this place.
 F = Levels seen in this place.
 G = Mean time per level.
                   A        B        C        D        E       F      G
               +--------+--------+--------+--------+--------+-----+--------+
         Total |   2722 |   2636 |     86 |    699 |   1443 |   3 |  907.3 |
       Dungeon |   2722 |   2636 |     86 |    699 |   1443 |   3 |  907.3 |
               +--------+--------+--------+--------+--------+-----+--------+

Top non-repeatable levels by time:
     D:2: 1368 daAuts
     D:1: 883 daAuts
     D:3: 469 daAuts
